 Dungeon Crawl Stone Soup version 0.20.1-1-g8b1a95d (webtiles) character file.

5761 Monsterracer the Transmogrifier (level 10, -9/121 HPs)
             Began as a Barachi Transmuter on Oct 18, 2017.
             Was an Elder of Okawaru.
             Killed by divine providence
             ... invoked by an orc priest
              (14 damage)
             ... on level 8 of the Dungeon.
             The game lasted 00:18:23 (12535 turns).

Monsterracer the Transmogrifier (BaTm)             Turns: 12535, Time: 00:18:24

Health: -9/121     AC: 25    Str: 16    XL:     10   Next: 78%
Magic:  14/14      EV:  2    Int: 18    God:    Okawaru [****..]
Gold:   271        SH:  0    Dex: 14    Spells: 1/15 levels left

rFire    . . .     SeeInvis .     - Unarmed
rCold    . . .     Gourm    .   (no shield)
rNeg     + + +     Faith    .   (armour currently unavailable)
rPois    +         Spirit   .   (helmet currently unavailable)
rElec    .         Reflect  .   (cloak currently unavailable)
rCorr    .         Harm     .   (gloves currently unavailable)
MR       +....     NoTele   +   (boots currently unavailable)
Stlth    +.........             (no amulet)
Regen    0.3/turn               (no ring)
MPRegen  0.2/turn               (no ring)

@: mighty, tree-form
A: +LOS, swims, rugged brown scales 1, agile 1, magic resistance 1, MP-powered
wands
a: Heroism, Renounce Religion


You were on level 8 of the Dungeon.
You worshipped Okawaru.
Okawaru was greatly pleased with you.
You were very hungry.
You were a tree.
You visited 2 branches of the dungeon, and saw 9 of its levels.

You collected 271 gold pieces.

Inventory:

Missiles
 a - 102 arrows
Armour
 f - the +3 hat of Pondering (melded) {ponderous, MR+ MP+10 Int+5}
   (You took it off Gastronok on level 8 of the Dungeon)

   It affects your intelligence (+5).
   It affects your resistance to hostile enchantments.
   It affects your magic capacity (+10).
 i - a +0 helmet
 s - a +0 pair of boots (melded)
 t - a +0 ring mail of cold resistance
 y - a +3 leather armour
 A - a +3 ring mail (melded)
Wands
 q - a wand of lightning (12/15)
Scrolls
 g - a scroll of teleportation
 l - a scroll of magic mapping
 m - 3 scrolls of identify
 p - 2 scrolls of remove curse
Potions
 b - a potion of might
 c - a potion of resistance
 e - a potion of magic
 h - 3 potions of ambrosia
 j - 2 potions of invisibility
 k - 4 potions of curing
 o - a potion of lignification
 u - a potion of haste
 v - 2 potions of brilliance
 w - 3 potions of berserk rage
Books
 n - a book of Minor Magic

   Spells                             Type                      Level
   a - Magic Dart                     Conjuration                  1
   b - Blink                          Translocation                2
   c - Call Imp                       Summoning                    2
   d - Slow                           Hexes                        2
   e - Conjure Flame                  Conjuration/Fire             3
   f - Mephitic Cloud                 Conjuration/Poison/Air       3
 z - a book of Flames

   Spells                             Type                      Level
   a - Flame Tongue                   Conjuration/Fire             1
   b - Throw Flame                    Conjuration/Fire             2
   c - Conjure Flame                  Conjuration/Fire             3
   d - Inner Flame                    Hexes/Fire                   3
   e - Sticky Flame                   Conjuration/Fire             4
   f - Fireball                       Conjuration/Fire             5
Comestibles
 d - 5 bread rations
 r - 5 meat rations


   Skills:
 + Level 7.0 Fighting
 + Level 5.1 Dodging
 * Level 10.2 Unarmed Combat
 - Level 3.0 Spellcasting
 * Level 10.3 Transmutations
 - Level 3.0 Ice Magic
 + Level 3.9 Invocations


You had one spell level left.
You knew the following spells:

 Your Spells              Type           Power        Failure   Level  Hunger
a - Ice Form              Ice/Tmut       ####....     10%         4    ####...
b - Sticks to Snakes      Tmut           #####...     1%          2    ##.....
c - Spider Form           Tmut/Pois      ###.......   6%          3    ###....
d - Blade Hands           Tmut           #####.....   6%          5    ######.


Dungeon Overview and Level Annotations

Branches:
Dungeon (8/15)             Temple (1/1) D:5            Lair (0/6) D:8

Altars:
Ashenzari
Dithmenos
Fedhas
Gozag
Kikubaaqudgha
Okawaru
Qazlal
Ru
Trog
Uskayaw
Vehumet
Xom


Innate Abilities, Weirdness & Mutations

Shadows flee at your approach. (+LOS)
You can swim through water.
((You cover ground slowly.))
((You can hop short distances.))
(You are partially covered in rugged brown scales. (AC +1, +3% HP))
You are agile. (Dex +2)
You are resistant to hostile enchantments. (MR+)
((You are occasionally teleported next to monsters.))
You expend magic power (3 MP) to strengthen your wands.


Message History

The crocodile is lightly wounded.
The crocodile bites you but does no damage.
You slice the crocodile!!
You kill the crocodile!
Okawaru accepts your kill.
You see here a crocodile corpse.
You butcher the crocodile corpse.
You are suddenly yanked towards some nearby monsters!
Your surroundings suddenly seem different.
An orc comes into view. It is wielding a mace of draining.
The orc shouts!
An orc wizard comes into view. It is wielding a dagger.
The orc wizard shouts!
An orc priest comes into view.
An orc warrior comes into view. It is wielding a mace.
The orc priest casts a cantrip, but nothing happens.
The orc wizard hits you with a dagger.
Your ring mail prevents you from hitting the orc wizard.
The orc wizard closely misses you. The orc closely misses you.
You hit the orc wizard.
The orc wizard is heavily wounded.
The orc priest mumbles some strange prayers to Beogh against you.
Beogh smites you! The orc wizard closely misses you.
Huge Dmg: -19%(-15hp) hp: 63%(49hp)
Your ring mail prevents you from hitting the orc wizard.
The orc wizard is heavily wounded.
The orc hits you but does no damage.
You feel drained.
You closely miss the orc wizard.
The orc wizard is heavily wounded.
The orc wizard hits you but does no damage.
The orc barely misses you.
You slice the orc wizard!!
You kill the orc wizard!
Okawaru accepts your kill.
Your base Fighting skill increases to level 7!
The orc priest mumbles some strange prayers to Beogh against you.
Beogh smites you!
* * * LOW HITPOINT WARNING * * *
Huge Dmg: -12%(-10hp) hp: 49%(39hp)
You slice the orc!!
You kill the orc!
Okawaru accepts your kill.
You are suddenly yanked towards some nearby monsters!
Your surroundings suddenly seem different.
Found a wand of lightning (?/15).
Found an escape hatch in the floor.
A porcupine comes into view.
The basilisk gazes at you. You resist with almost no effort.
The basilisk gazes at you. You resist with almost no effort.
You are struck by the porcupine's spines.
* * * LOW HITPOINT WARNING * * *
You hit the porcupine but do no damage. Your slash misses the porcupine.
Huge Dmg: -15%(-12hp) hp: 35%(28hp)
You slash the porcupine!
The porcupine is almost dead.
The porcupine bites you.
* * * LOW HITPOINT WARNING * * *
Damage: -4%(-3hp) hp: 31%(25hp) Unknown command.
You are struck by the porcupine's spines.
* * * LOW HITPOINT WARNING * * *
You hit the porcupine.
You kill the porcupine!
Okawaru accepts your kill. The basilisk bites you.
* * * LOW HITPOINT WARNING * * *
Huge Dmg: -21%(-17hp) hp: 10%(8hp) Unknown command.
Your hands revert to their normal proportions.
You turn into a tree.
The +3 hat of Pondering {ponderous, MR+ MP+10 Int+5} melds into your body.
Your +0 pair of boots melds into your body.
Your +3 ring mail melds into your body.
That put a bit of spring back into your step.
Your roots penetrate the ground.
The basilisk bites you!
* * * LOW HITPOINT WARNING * * *
Huge Dmg: -3%(-4hp) hp: 4%(4hp) Unknown command.
You closely miss the basilisk. The basilisk gazes at you.
You resist with almost no effort.
You smack the basilisk!
The basilisk is heavily wounded.
The basilisk gazes at you. You resist with almost no effort.
You barely miss the basilisk.
The basilisk is heavily wounded.
The basilisk bites you but does no damage.
You smack the basilisk!
The basilisk is almost dead.
You pummel the basilisk!!
You kill the basilisk!
Okawaru accepts your kill.
Your life force feels restored.
It was a potion of might.
You feel very mighty all of a sudden.
The orc priest invokes the aid of Beogh against you.
Beogh smites you!
You die...

...# ##.# ...##
##... #...#
##....#### #)).#
###......... ##.o.#
#.......... . #.o..
..........#
..#...............##
...................#
##.............o♣..#
##......o....†...#
#...............#
........./..#
.........>..#
.......P.P..#
......PP...P.
........♣.P... ...##
##P............


You could see an orc warrior and an orc priest.

Vanquished Creatures
  Gastronok (D:8)
  The ghost of Irenicus the Chopper, a novice DDCK of Xom (D:4)
  A hornet (D:7)
  Eustachio (D:5)
  A hungry ghost (D:7)
  3 basilisks (D:8)
  The ghost of Monsterracer the Ruffian, an amateur BaTm (D:3)
  A porcupine (D:8)
  A phantom (D:7)
  A black bear (D:8)
  An orc warrior (D:6)
  A sky beast (D:5)
  A wolf (D:7)
  2 ogres
  A centaur (D:7)
  2 crocodiles (D:8)
  A big kobold (D:6)
  3 bullfrogs
  A wyvern zombie (D:6)
  A scorpion (D:6)
  5 wights
  3 crimson imps
  A bullfrog zombie (D:4)
  5 hounds
  A centaur skeleton (D:5)
  A jelly (D:6)
  2 bullfrog skeletons (D:5)
  4 orc priests
  7 orc wizards
  4 iguanas
  Natasha (thrice) (D:2)
  9 worker ants
  2 hound skeletons
  Robin (D:2)
  7 gnolls
  2 howler monkey skeletons (D:4)
  7 adders
  2 shadow imps
  2 adder zombies
  An ooze (D:4)
  3 worms
  2 dart slugs (D:4)
  6 leopard geckos
  21 orcs
  11 bats
  8 giant cockroaches
  16 goblins
  10 hobgoblins
  4 jackals (D:1)
  2 quokkas
  5 ball pythons
  4 frilled lizards
  A giant cockroach zombie (D:6)
  14 kobolds
  6 rats
208 creatures vanquished.

Vanquished Creatures (collateral kills)
  An adder (D:2)
1 creature vanquished.

Vanquished Creatures (others)
  A plant (D:8)
1 creature vanquished.

Grand Total: 210 creatures vanquished

Notes
Turn   | Place    | Note
-------+----------+-------------------------------------------
     0 | D:1      | Monsterracer the Barachi Transmuter began the quest for the Orb.
     0 | D:1      | Reached XP level 1. HP: 15/15 MP: 3/3
   135 | D:1      | HP: 6/15 [kobold (4)]
   138 | D:1      | Reached XP level 2. HP: 4/21 MP: 3/5
   388 | D:1      | Learned a level 2 spell: Sticks to Snakes
   625 | D:1      | HP: 10/21 [jackal (2)]
   808 | D:1      | HP: 10/21 [bat (1)]
  1436 | D:1      | Reached XP level 3. HP: 23/26 MP: 6/6
  1554 | D:1      | Learned a level 3 spell: Spider Form
  1653 | D:2      | Noticed Robin
  1666 | D:2      | HP: 13/26 [goblin[Robin] (4)]
  1893 | D:2      | HP: 13/26 [Robin/spear (4)]
  2115 | D:2      | Killed Robin
  2288 | D:2      | Reached XP level 4. HP: 32/32 MP: 3/7
  2487 | D:2      | Found a shadowy altar of Dithmenos.
  2593 | D:2      | HP: 13/32 [adder (4)]
  2597 | D:2      | HP: 5/32 [adder (4)]
  3024 | D:2      | Noticed Natasha
  3031 | D:2      | Killed Natasha
  3031 | D:2      | Reached XP level 5. HP: 26/37 MP: 4/8
  3134 | D:2      | Reached skill level 5 in Unarmed Combat
  3143 | D:2      | Found a stormy altar of Qazlal.
  3298 | D:2      | Noticed Natasha
  3304 | D:2      | Killed Natasha
  3898 | D:2      | Noticed Natasha
  3979 | D:2      | Killed Natasha
  3979 | D:2      | Reached XP level 6. HP: 37/43 MP: 2/9
  4089 | D:3      | Reached skill level 5 in Transmutations
  4173 | D:3      | Noticed Monsterracer's ghost (amateur BaTm)
  4246 | D:3      | Killed Monsterracer's ghost
  4808 | D:3      | Reached XP level 7. HP: 48/48 MP: 6/10
  4823 | D:3      | Learned a level 4 spell: Ice Form
  4858 | D:3      | Found a radiant altar of Vehumet.
  4871 | D:3      | Found a shimmering altar of Xom.
  5260 | D:3      | Found a bloodstained altar of Trog.
  5458 | D:4      | Noticed Irenicus's ghost (novice DDCK)
  6196 | D:4      | HP: 29/61 [bullfrog zombie (2)]
  6199 | D:4      | HP: 11/61 [bullfrog zombie (6)]
  6204 | D:4      | HP: 6/61 [bullfrog zombie (6)]
  6536 | D:4      | Killed Irenicus's ghost
  6536 | D:4      | Reached XP level 8. HP: 44/58 MP: 7/11
  6842 | D:5      | Entered Level 5 of the Dungeon
  6953 | D:5      | Found an ancient bone altar of Kikubaaqudgha.
  7019 | D:5      | Gained mutation: You expend magic power (3 MP) to strengthen your wands. [mutagenic meat]
  7020 | D:5      | Gained mutation: You are occasionally teleported next to monsters. [mutagenic meat]
  7021 | D:5      | Gained mutation: You are agile. (Dex +2) [mutagenic meat]
  7022 | D:5      | Gained mutation: You are resistant to hostile enchantments. (MR+) [mutagenic meat]
  7023 | D:5      | Gained mutation: You are partially covered in rugged brown scales. (AC +1, +3% HP) [mutagenic meat]
  7431 | D:5      | Noticed Eustachio
  7450 | D:5      | Killed Eustachio
  7622 | D:5      | Found a staircase to the Ecumenical Temple.
  7645 | Temple   | Entered the Ecumenical Temple
  7661 | Temple   | Became a worshipper of Warmaster Okawaru
  8174 | D:4      | Found an ancient bone altar of Kikubaaqudgha.
  8506 | D:6      | Reached skill level 1 in Invocations
  8506 | D:6      | Reached XP level 9. HP: 66/66 MP: 7/13
  8523 | D:6      | Learned a level 5 spell: Blade Hands
  8986 | D:6      | Found a shattered altar of Ashenzari.
  9593 | D:6      | HP: 40/80 [poisoned by a kobold]
  9599 | D:6      | HP: 37/80 [poisoned by a kobold]
  9604 | D:6      | HP: 35/80 [poisoned by a kobold]
  9609 | D:6      | HP: 34/80 [poisoned by a kobold]
  9616 | D:6      | HP: 34/80 [poisoned by a kobold]
  9624 | D:6      | HP: 33/80 [poisoned by a kobold]
  9833 | D:6      | HP: 29/69 [big kobold/short sword (8)]
  9840 | D:6      | HP: 25/69 [poisoned by a kobold]
  9848 | D:6      | HP: 25/69 [poisoned by a kobold]
 10168 | D:6      | HP: 38/82 [wight/enchanted flail (13)]
 10170 | D:6      | Reached skill level 5 in Fighting
 10171 | D:6      | Reached * piety under Okawaru
 10174 | D:6      | HP: 31/84 [poisoned by a kobold]
 10181 | D:6      | HP: 30/84 [poisoned by a kobold]
 10189 | D:6      | HP: 30/84 [poisoned by a kobold]
 11185 | D:7      | Found a shimmering altar of Xom.
 11690 | D:7      | HP: 16/71 [ogre/giant spiked club (22)]
 12102 | D:8      | Noticed a hornet
 12125 | D:7      | HP: 32/71 [wolf (5)]
 12130 | D:7      | Killed a hornet
 12130 | D:7      | Reached XP level 10. HP: 28/78 MP: 5/14
 12134 | D:7      | Reached ** piety under Okawaru
 12366 | D:8      | Noticed Gastronok
 12378 | D:8      | Killed Gastronok
 12378 | D:8      | Reached *** piety under Okawaru
 12378 | D:8      | Reached skill level 10 in Transmutations
 12401 | D:8      | Reached skill level 10 in Unarmed Combat
 12473 | D:8      | Reached skill level 5 in Dodging
 12493 | D:8      | Found a staircase to the Lair.
 12520 | D:8      | HP: 39/81 [orc priest/divine providence (12)]
 12525 | D:8      | HP: 28/81 [porcupine's spines (12)]
 12527 | D:8      | HP: 12/81 [porcupine's spines (13)]
 12528 | D:8      | HP: 4/121 [basilisk (9)]
 12533 | D:8      | Reached **** piety under Okawaru
 12535 | D:8      | Killed from afar by an orc priest

Skill      XL: |  1  2  3  4  5  6  7  8  9 10 |
---------------+-------------------------------+-----
Transmutations | 3 4 5 7 9 10 | 10.3
Unarmed Combat | 4 5 6 7 8 9 10 | 10.2
Fighting       | 3 4 5 7 |  7.0
Ice Magic      | 2 3 |  3.0
Spellcasting   | 3 |  3.0
Invocations    | 1 2 3 |  3.9
Dodging        | 4 5 |  5.1

Action                   |  1- 3 |  4- 6 |  7- 9 | 10-12 || total
-------------------------+-------+-------+-------+-------++-------
Melee: Unarmed           |   117 |   191 |   427 |    43 ||   778
       Kick              |     1 |     3 |       |       ||     4
       Headbutt          |     1 |       |       |       ||     1
       Punch             |       |     1 |    12 |       ||    13
 Cast: Beastly Appendage |     3 |     2 |       |       ||     5
       Spider Form       |     5 |    11 |    17 |       ||    33
       Sticks to Snakes  |       |     5 |       |       ||     5
       Ice Form          |       |       |     8 |       ||     8
       Blade Hands       |       |       |     7 |     4 ||    11
Invok: Heroism           |       |       |     1 |     1 ||     2
 Abil: Hop               |       |       |     2 |       ||     2
  Use: Potion            |       |     1 |     1 |     2 ||     4
       Scroll            |       |       |    16 |     1 ||    17
 Stab: Sleeping          |     1 |     1 |     2 |       ||     4
  Eat: Chunk             |     6 |    11 |    28 |       ||    45
       Meat ration       |       |       |     2 |       ||     2
       Royal jelly       |       |       |       |     1 ||     1
Armor: Robe              |    23 |    48 |    20 |       ||    91
       Skin              |     2 |     2 |    11 |     1 ||    16
       Leather armour    |       |       |    66 |     1 ||    67
       Ring mail         |       |       |       |     5 ||     5
Dodge: Dodged            |   108 |   139 |   255 |    13 ||   515

Vault maps used:
D:1:      minmay_arrival_shoal_huts, minivault_27
D:2:      minmay_wonky_spiral, nicolae_qazlal_eye_of_the_storm,
          nicolae_overflow_crystal_walls, serial_corexii_hall,
          corexii_hall_statues_i, corexii_hall_statues_s,
          corexii_hall_statues_i, corexii_hall_statues_x, uniq_natasha,
          uniq_robin
D:3:      marbit_many_paths, amethyst_overflow_temple_binary
D:4:      lemuel_upstairs_altar, first_bread
D:5:      kiku_gazebo_pond_becter, minmay_temple_entry_nine_rooms,
          minmay_liquid_box, minmay_misc_feat_rows, uniq_eustachio
D:6:      nicolae_ashenzari_panopticon
D:7:      basic_altar, grunt_ogre_cave, kennysheep_potato
D:8:      zin_purify, minmay_lair_entry_grove, uniq_maurice, uniq_gastronok
Temple:   oiseaux_autumnal_temple
